 Dungeon Crawl Stone Soup version 0.18.1-8-gdd0e5ea (webtiles) character file.

42 Krapule the Insei (level 3, -4/27 HPs)
             Began as a Demonspawn Transmuter on May 30, 2016.
             Killed from afar by Sigmund (6 damage)
             ... with a magic dart
             ... on level 2 of the Dungeon.
             The game lasted 00:04:21 (956 turns).

Krapule the Insei (Demonspawn Transmuter)            Turns: 956, Time: 00:04:21

Health: -4/27      AC:  5    Str: 11    XL:     3   Next: 35%
Magic:  6/6        EV: 11    Int: 14    God:
Gold:   92         SH:  0    Dex: 13    Spells: 2 memorised, 3 levels left

rFire  . . .     SeeInvis .       - Unarmed
rCold  . . .     Gourm    .     g - +0 ring mail
rNeg   . . .     Faith    .     (no shield)
rPois  .         Spirit   .     (no helmet)
rElec  .         Dismiss  .     (no cloak)
rCorr  .         Reflect  .     (no gloves)
SustAt .         Harm     .     (no boots)
MR     .....                    f - amulet of magic regeneration
Stlth  +.........               (no ring)
                                (no ring)

@: not resistant to hostile enchantments, very unstealthy
A: rot immunity, sturdy frame 1
a: no special abilities


You were on level 2 of the Dungeon.
You were not hungry.

You visited 1 branch of the dungeon, and saw 2 of its levels.

You collected 92 gold pieces.

Inventory:

Missiles
 a - 35 arrows
Armour
 b - a +0 robe
 g - a +0 ring mail (worn)
Jewellery
 f - an amulet of magic regeneration (around neck)
Wands
 r - a wand of polymorph (14/24)
Scrolls
 e - a scroll of enchant weapon {unknown}
 h - a scroll of recharging {unknown}
 k - a scroll of enchant armour {unknown}
 m - a scroll of identify {unknown}
 n - 2 scrolls of teleportation {unknown}
 q - a scroll of noise {unknown}
Potions
 i - 2 potions of heal wounds {unknown}
 l - a potion of curing {unknown}
 o - 2 potions of cancellation {unknown}
 p - a potion of resistance {unknown}
 s - a potion of flight {unknown}
Books
 c - a book of Changes

   Spells                             Type                      Level
   a - Beastly Appendage              Transmutation                1
   b - Sticks to Snakes               Transmutation                2
   c - Spider Form                    Transmutation/Poison         3
   d - Ice Form                       Ice/Transmutation            4
   e - Blade Hands                    Transmutation                5
Comestibles
 d - a bread ration
 j - a meat ration


   Skills:
 + Level 1.8 Fighting
 + Level 2.1 Dodging
 + Level 2.7 Unarmed Combat
 + Level 2.3 Spellcasting
 * Level 2.5 Transmutations


You had 3 spell levels left.
You knew the following spells:

 Your Spells              Type           Power        Failure   Level  Hunger
a - Beastly Appendage     Trmt           #.....       14%         1    #......
b - Sticks to Snakes      Trmt           #.......     21%         2    ###....


Dungeon Overview and Level Annotations

Branches:
Dungeon (2/15)

Altars:

Annotations:
D:2 Sigmund


Innate Abilities, Weirdness & Mutations

You are immune to rotting.
Your movements are slightly less encumbered by armour (ER -2).


Message History

You see here a leather armour.
Found an escape hatch in the ceiling.
Found a stone staircase leading up.
Sigmund the Dreaded comes into view.
He is wielding a scythe of freezing.
Sigmund shouts!
Sigmund points at you and mumbles some strange words.
The puff of flame hits you!
Sigmund drinks a potion.
Sigmund seems to speed up.
Sigmund gestures wildly while chanting.
Sigmund flickers and vanishes!
Deactivating autopickup; reactivate with Ctrl-A.
Something hits you! Something freezes you.
A puff of flame appears from out of thin air!
The puff of flame hits you!
* * * LOW HITPOINT WARNING * * *
A magic dart appears from out of thin air!
The magic dart hits you!
* * * LOW HITPOINT WARNING * * *
A magic dart appears from out of thin air!
The magic dart hits you!
You die...

#.#.....#.. ##
###################.#.###.#.. ..
#.†.................#.###.#.. ..
#.#########..................
..###.## #.####....#.#..[#.#
.......## #.#######.#.#.#.#..
........# #.........#.#.#....
.....)..###############<#.#.#.#.#
###.............@.............#.#
....#.....###########.......#.#.#
#####.......................#.#.#
#.....#.########..........#.#.#
#.###.#.########.##########.#.#
#.# #.#.#...................#.#
###.###.#.#.####....###########.#
....@.........................†..
###.###.#....#.#....##.#.####.#.#


There were no monsters in sight!

Vanquished Creatures
  An adder (D:2)
  2 oozes (D:2)
  A giant gecko (D:1)
  A giant cockroach (D:2)
  2 goblins
  4 hobgoblins
  3 jackals (D:2)
  3 bats
  2 giant newts (D:2)
  3 kobolds
  A rat (D:1)
23 creatures vanquished.

Notes
Turn   | Place    | Note
--------------------------------------------------------------
     0 | D:1      | Krapule the Demonspawn Transmuter began the quest for the Orb.
     0 | D:1      | Reached XP level 1. HP: 15/15 MP: 3/3
   235 | D:1      | Gained mutation: Your movements are slightly less encumbered by armour (ER -2). [demonic ancestry]
   235 | D:1      | Reached XP level 2. HP: 20/21 MP: 5/5
   286 | D:1      | Learned a level 2 spell: Sticks to Snakes
   652 | D:2      | Gained mutation: You are immune to rotting. [demonic ancestry]
   652 | D:2      | Reached XP level 3. HP: 22/27 MP: 6/6
   935 | D:2      | Noticed Sigmund
   956 | D:2      | Killed from afar by Sigmund

Skill      XL: |  1  2 |
---------------+-------+-----
Dodging        | 2 |  2.1
Transmutations | 2 |  2.5
Fighting       | |  1.8
Unarmed Combat | |  2.7
Spellcasting   | |  2.3

Action                   || total
-------------------------++-------
Melee: Unarmed           ||   110
Armor: Ring mail         ||    36
Dodge: Dodged            ||    63
